Map: Bridgehead LE (Void)

Players

jennic

  • Race: Protoss Protoss
  • League: Grandmaster

SticklerMac - Winner!

  • Race: Zerg Zerg
  • League: Silver

VOD

Have the link to the VOD?

Description

Time

  • Played on: Oct. 12, 2015, 8:40 p.m.
  • Length: 5:09
Show
View Real Time Build Order
Export as new Build Order

jennic Protoss 

Build Orders: 1 Gate Expand 

Get SALT Encoding   

  12  0:01  Probe (Chrono Boost)  
  13  0:11  Probe (Chrono Boost)  
  14  0:18  Pylon  
  14  0:22  Probe (Chrono Boost)  
  15  0:36  Probe (Chrono Boost)  
  16  0:44  Gateway  
  16  0:46  Probe (Chrono Boost)  
  17  0:52  Assimilator  
  18  0:57  Probe (Chrono Boost)  
  18  1:07  Probe (Chrono Boost)  
  19  1:20  Nexus  
  19  1:23  Probe (Chrono Boost)  
  20  1:34  Probe (Chrono Boost)  
  20  1:39  Cybernetics Core  
  21  1:44  Probe (Chrono Boost)  
  22  1:51  Pylon  
  22  1:55  Probe (Chrono Boost)  
  22  1:57  Assimilator  
  23  2:09  Probe (Chrono Boost)  
  23  2:10  Pylon  
  24  2:17  Warp Gate  
  24  2:20  Probe (Chrono Boost)  
  25  2:28  Adept (Chrono Boost)  
  27  2:30  Mothership Core (Chrono Boost)  
  27  2:33  Probe (Chrono Boost)  
  30  2:44  Probe  
  30  2:49  Probe  
  30  2:50  Assimilator  
  32  2:54  Probe, Adept (Chrono Boost)  
  35  3:01  Probe  
  35  3:02  Pylon  
  35  3:05  Probe  
  37  3:14  Probe  
  37  3:15  Probe  
  39  3:26  Probe  
  38  3:37  Probe  
  39  3:47  Probe  
  39  3:49  Probe, Assimilator  
  39  3:53  Gateway  
  41  3:55  Gateway  
  41  3:58  Probe, Stargate  
  41  4:01  Probe  
  43  4:03  Twilight Council  
  43  4:08  Probe  
  45  4:13  Probe  
  45  4:19  Probe  
  46  4:25  Probe  
  47  4:38  Pylon  
  46  4:46  Pylon  
  46  4:51  Pylon  
  45  4:54  Pylon  
  45  4:57  Pylon  
  45  4:59  Pylon  
  45  5:01  Pylon  
  45  5:04  Pylon  
Show
View Real Time Build Order
Export as new Build Order

SticklerMac Zerg - Winner!

Build Orders: Hatch First, Zergling Baneling 

Get SALT Encoding   

  12  0:01  Drone  
  13  0:12  Overlord  
  13  0:18  Drone  
  14  0:30  Drone x2  
  14  0:35  Drone  
  17  0:54  Hatchery  
  16  0:57  Drone  
  16  0:59  Drone  
  16  1:02  Extractor  
  17  1:17  Spawning Pool  
  16  1:19  Drone  
  16  1:22  Drone  
  18  1:28  Drone  
  19  1:40  Drone  
  20  1:50  Drone  
  21  2:01  Drone  
  22  2:04  Metabolic Boost  
  22  2:06  Queen  
  22  2:07  Queen  
  26  2:11  Overlord  
  26  2:15  Zergling x2  
  27  2:17  Zergling x2  
  28  2:28  Baneling Nest, Drone  
  28  2:31  Drone  
  28  2:34  Drone  
  30  2:38  Drone  
  31  2:46  Drone  
  32  2:53  Zergling x2  
  32  2:54  Zergling x2  
  34  3:01  Zergling x2  
  34  3:05  Zergling x2  
  36  3:20  Overlord x2  
  36  3:21  Overlord x2  
  36  3:22  Overlord x2  
  36  3:23  Overlord  
  36  3:38  Queen x2  
  36  3:40  Zergling x2  
  41  3:41  Zergling x2  
  41  3:48  Zergling x6  
  45  3:57  Baneling x3  
  45  3:58  Baneling x6  
  45  3:59  Baneling  
  45  4:03  Zergling x4  
  46  4:20  Zergling x2  
  46  4:21  Zergling x8  
  47  4:26  Zergling x10  
  47  4:30  Zergling x4  
  54  4:35  Zergling x2  
  54  4:41  Zergling x2  
  54  4:42  Zergling x2  
  55  4:50  Zergling x4  
Tags
 
Add a new tag
Caveats
  • Supply blocks, unpowered buildings, or Contaminate may cause inaccurate times.
  • Supply counts are checked every 10 seconds.